 Dungeon Crawl Stone Soup version 0.21.1-1-g345015fe64 (webtiles) character file.

188 Revguard the Magician (level 5, -6/38 HPs)
             Began as a Demonspawn Wanderer on June 6, 2018.
             Was an Initiate of Vehumet.
             Mangled by rbetra's ghost (13 damage)
             ... on level 4 of the Dungeon on June 7, 2018.
             The game lasted 00:27:24 (2567 turns).

Revguard the Magician (Demonspawn Wanderer)         Turns: 2567, Time: 00:27:24

Health: -6/38      AC:  4    Str:  7 (10) XL:     5   Next: 39%
Magic:  4/10       EV: 12    Int: 14 (17) God:    Vehumet [......]
Gold:   147        SH:  0    Dex: 11 (12) Spells: 4/11 levels left

rFire    . . .     SeeInvis .   r - +1 whip (venom)
rCold    + . .     Gourm    .   (no shield)
rNeg     . . .     Faith    .   d - +0 robe
rPois    .         Spirit   .   (no helmet)
rElec    .         Reflect  .   (no cloak)
rCorr    .         Harm     .   (no gloves)
MR       .....                  g - +0 pair of boots
Stlth    +.........             j - amulet of magic regeneration
HPRegen  0.12/turn              (no ring)
MPRegen  0.37/turn              (no ring)

@: very slightly contaminated
A: rugged brown scales 1, cold resistance 1, spiny 1
a: Renounce Religion


You were on level 4 of the Dungeon.
You worshipped Vehumet.
Vehumet was noncommittal.
You were hungry.

You visited 1 branch of the dungeon, and saw 4 of its levels.

You collected 147 gold pieces.

Inventory:

Hand Weapons
 e - a +0 dagger
 r - a +1 whip of venom (weapon)
Armour
 d - a +0 robe (worn)
 g - a +0 pair of boots (worn)
Jewellery
 j - an amulet of magic regeneration (around neck)
 l - an uncursed amulet of the gourmand
Wands
 m - a wand of paralysis (13)
Scrolls
 q - a scroll of remove curse
Potions
 h - 2 potions of heal wounds {unknown}
 i - 2 potions of resistance {unknown}
 k - 2 potions of haste {unknown}
 n - a potion of mutation {unknown}
 o - a potion of berserk rage {unknown}
 p - a potion of degeneration
Books
 a - a Young Poisoner's Handbook

   Spells                             Type                      Level
   a - Sting                          Conjuration/Poison           1
   b - Poisonous Vapours              Poison/Air                   2
   c - Mephitic Cloud                 Conjuration/Poison/Air       3
   d - Olgreb's Toxic Radiance        Poison                       4
   e - Venom Bolt                     Conjuration/Poison           5
 b - the Papyrus of Flames

   Spells                             Type                      Level
   a - Flame Tongue                   Conjuration/Fire             1
   b - Ignite Poison                  Fire/Transmutation/Poison    3
 c - the Almanac of Calling

   Spells                             Type                      Level
   a - Summon Butterflies             Summoning                    1
   b - Summon Guardian Golem          Hexes/Summoning              3
Comestibles
 f - 7 rations


   Skills:
 - Level 1.2 Fighting
 - Level 0.7 Short Blades
 * Level 0.1 Maces & Flails
 * Level 1.1 Dodging
 + Level 0.5 Stealth
   Level 1.0 Shields
 + Level 3.9 Spellcasting
   Level 2.0 Summonings
 * Level 0.5 Transmutations
 * Level 1.5 Fire Magic
 + Level 0.6 Air Magic
   Level 1.0 Earth Magic
 + Level 3.0 Poison Magic
 + Level 1.0 Evocations


You had 4 spell levels left.
You knew the following spells:

 Your Spells              Type           Power        Failure   Level  Hunger
a - Flame Tongue          Conj/Fire      #....        14%         1    None
b - Sting                 Conj/Pois      #...         11%         1    None
c - Poisonous Vapours     Pois/Air       #.....       14%         2    ##.....
d - Ignite Poison         Fire/Tmut/Pois #.......     28%         3    ###....


Dungeon Overview and Level Annotations

Branches:
Dungeon (4/15)
 Temple: D:4-7

Altars:
Ashenzari
Cheibriados
Gozag
Hepliaklqana
Makhleb
Qazlal
Ru
Vehumet
Wu Jian
The Shining One

Annotations:
D:4 rbetra's ghost, amateur GrFi


Innate Abilities, Weirdness & Mutations

You are partially covered in rugged brown scales. (AC +1, +3% HP)
Your flesh is cold resistant. (rC+)
You are partially covered in sharp spines.


Message History

Press: ? - help, Shift-Dir - straight line, f/p - rbetra's ghost
Aim: rbetra's ghost (moderately damaged)
You miscast Flame Tongue.
You are very lightly contaminated with residual magic.
Heat runs through your body. Rbetra's ghost misses you.
A jackal comes into view.
Casting: Flame Tongue
Confirm with . or Enter, or press ? or * to list all spells.
Aiming: Flame Tongue
Press: ? - help, Shift-Dir - straight line, f/p - rbetra's ghost
Aim: rbetra's ghost (moderately damaged)
The flame tongue hits rbetra's ghost.
Rbetra's ghost appears unharmed.
Rbetra's ghost is moderately damaged.
Rbetra's ghost hits you!
* * * LOW HITPOINT WARNING * * *
It was a potion of degeneration.
There was something very wrong with that liquid.
You feel weakened.
You feel dopey.
You feel clumsy. Rbetra's ghost hits you!
You die...

#.##..##.###....#
#...............#
####.)#.##.....#
##.#[##.....#######
#.†..#............
#....#.....#######
#Sh..#[....#
#W#..#.#####
#@#.##.# #.#..#.#
#.#..#.# #<#..#.#
###..#. ..#.


You could see rbetra's ghost, an adder and a jackal.

Vanquished Creatures
  A hound (D:2)
  A worker ant (D:4)
  2 adders
  An ooze (D:1)
  2 worms
  4 dart slugs
  A leopard gecko (D:2)
  11 orcs
  2 giant cockroaches
  18 goblins
  6 hobgoblins
  3 jackals
  9 kobolds
  2 quokkas (D:3)
  2 bats (D:2)
  7 frilled lizards
  10 rats
82 creatures vanquished.

Notes
Turn   | Place    | Note
-------+----------+-------------------------------------------
     0 | D:1      | Revguard the Demonspawn Wanderer began the quest for the Orb.
     0 | D:1      | Revguard set off with: a Young Poisoner's Handbook, the Papyrus of Flames, the Almanac of Calling, a +0 robe, a +0 dagger, a ration
     0 | D:1      | Reached XP level 1. HP: 13/13 MP: 4/4
     1 | D:1      | Identified the Almanac of Calling
     1 | D:1      | Identified the Papyrus of Flames
     3 | D:1      | Learned a level 1 spell: Flame Tongue
     5 | D:1      | Learned a level 1 spell: Sting
   222 | D:1      | Gained mutation: You are partially covered in sharp spines. [demonic ancestry]
   222 | D:1      | Reached XP level 2. HP: 12/19 MP: 0/6
   226 | D:1      | Learned a level 2 spell: Poisonous Vapours
   933 | D:2      | Reached XP level 3. HP: 25/25 MP: 5/8
  1042 | D:2      | Reached skill level 1 in Fighting
  1049 | D:2      | Learned a level 3 spell: Ignite Poison
  1334 | D:2      | Reached skill level 1 in Fire Magic
  1396 | D:2      | Gained mutation: Your flesh is cold resistant. (rC+) [demonic ancestry]
  1396 | D:2      | Reached XP level 4. HP: 32/32 MP: 0/9
  1485 | D:2      | Found a burning altar of Makhleb.
  1760 | D:3      | Found a glowing golden altar of the Shining One.
  1761 | D:3      | Found a snail-covered altar of Cheibriados.
  1762 | D:3      | Found a radiant altar of Vehumet.
  1762 | D:3      | Found a hazy altar of Hepliaklqana.
  1762 | D:3      | Found a stormy altar of Qazlal.
  1762 | D:3      | Found a shattered altar of Ashenzari.
  1763 | D:3      | Found an opulent altar of Gozag.
  1764 | D:3      | Found a sacrificial altar of Ru.
  1767 | D:3      | Reached skill level 1 in Dodging
  1770 | D:3      | Noticed a phantom
  2014 | D:3      | Became a worshipper of Vehumet
  2265 | D:3      | Gained mutation: You are partially covered in rugged brown scales. (AC +1, +3% HP) [demonic ancestry]
  2265 | D:3      | Reached XP level 5. HP: 32/38 MP: 7/10
  2269 | D:3      | Found an ornate altar of the Wu Jian Council.
  2547 | D:4      | Noticed rbetra's ghost (amateur GrFi)
  2567 | D:4      | Mangled by rbetra's ghost

Skill      XL: |  1  2  3  4  5 |
---------------+----------------+-----
Fighting       | 1 |  1.2
Fire Magic     | 1 |  1.5
Dodging        | 1 |  1.1
Poison Magic   | 3 |  3.0
Short Blades   | |  0.7
Maces & Flails | |  0.1
Stealth        | |  0.5
Shields        | |  1.0
Spellcasting   | |  3.9
Summonings     | |  2.0
Transmutations | |  0.5
Air Magic      | |  0.6
Earth Magic    | |  1.0
Evocations     | |  1.0

Action                   |  1- 3 |  4- 6 || total
-------------------------+-------+-------++-------
Melee: Dagger            |    67 |    18 ||    85
 Cast: Sting             |    24 |     9 ||    33
       Flame Tongue      |    13 |    26 ||    39
       Poisonous Vapours |    17 |    31 ||    48
       Ignite Poison     |       |     8 ||     8
  Use: Scroll            |       |     2 ||     2
       Potion            |       |     1 ||     1
  Eat: Ration            |     1 |     1 ||     2
Armor: Robe              |    14 |     4 ||    18
Dodge: Dodged            |    40 |    22 ||    62
